 Dungeon Crawl Stone Soup version 0.28-a0-1356-g2ad6d04315 (webtiles) character file.

Game seed: 14864559952803634729

921 BlackKnightOfGwyn the Spear-Bearer (level 8, -1/58 HPs)
             Began as a Human Cinder Acolyte on Dec 31, 2021.
             Was a High Priest of Ignis.
             Slain by a centaur (8 damage)
             ... on level 5 of the Dungeon.
             The game lasted 00:10:26 (6353 turns).

BlackKnightOfGwyn the Spear-Bearer (HuCA)           Turns: 6353, Time: 00:10:26

Health: -1/58      AC:  7    Str: 16 (17) XL:     8   Next: 31%
Magic:  1/9        EV: 11    Int: 12 (14) God:    Ignis [*****.]
Gold:   155        SH:  0    Dex:  7 (9)  Spells: 7/9 levels left

rFire   + . .      SeeInvis .   u - +0 trident
rCold   . . .      Faith    .   (no shield)
rNeg    . . .      Spirit   .   s - +0 leather armour
rPois   .          Reflect  .   n - +0 helmet
rElec   .          Harm     .   t - +2 cloak
rCorr   .          Rampage  .   (no gloves)
Will    .....                   (no boots)
Stlth   +.........              (no amulet)
HPRegen 0.19/turn               (no ring)
MPRegen 0.11/turn               (no ring)

@: attractive
A: no striking features
a: Renounce Religion, Fiery Armour, Foxfire Swarm, Rising Flame


You were on level 5 of the Dungeon.
You worshipped Ignis.
Ignis was extremely pleased with you.
You visited 1 branch of the dungeon, and saw 5 of its levels.
You also visited: Sewer.

You collected 155 gold pieces.

Inventory:

Hand Weapons
 a - a -1 spear of flaming
 e - a +1 short sword of freezing
 l - a +3 dagger of venom
 u - a +0 trident (weapon)
Missiles
 o - a throwing net (quivered)
Armour
 b - a +0 robe
 n - a +0 helmet (worn)
 r - a +0 cloak
 s - a +0 leather armour (worn)
 t - a +2 cloak (worn)
Jewellery
 i - the amulet of Surprise {Faith +Inv}
   (You found it on level 2 of the Dungeon)

   [amulet of faith]

   It allows you to gain divine favour quickly.
   +Inv:      It lets you turn invisible.
Scrolls
 k - 2 scrolls of teleportation
 q - a scroll of identify
Potions
 c - a potion of degeneration
 d - a potion of attraction
 f - 4 potions of curing {unknown}
 h - 3 potions of ambrosia
 j - 2 potions of might {unknown}
 m - a potion of brilliance {unknown}
 p - a potion of heal wounds {unknown}


   Skills:
 - Level 3.0 Fighting
 + Level 8.6 Polearms
 - Level 1.0 Spellcasting
 + Level 5.1 Fire Magic


You had 7 spell levels left.
You knew the following spells:

 Your Spells              Type           Power      Damage    Failure   Level
a - Scorch                Fire           24%        2d6       7%          2

Your spell library contained the following spells:

 Spells                   Type           Power      Damage    Failure   Level
 Pain                     Necr           0%         1d4       36%         1
 Corpse Rot               Necr/Air       0%         N/A       50%         2
 Ensorcelled Hibernation  Hex/Ice        0%         N/A       50%         2
 Poisonous Vapours        Pois/Air       0%         N/A       50%         2
 Spider Form              Tmut/Pois      0%         N/A       73%         3
 Agony                    Necr           0%         N/A       100%        5
 Excruciating Wounds      Necr           0%         N/A       100%        5


Dungeon Overview and Level Annotations

Branches:
Dungeon (5/15)             Temple (0/1) D:4           Sewer (visited)

Altars:
Okawaru

Annotations:
D:3 3 runed translucent doors, NigelTetley's ghost, amateur FoFi
D:4 1 runed translucent door, rigao's ghost, amateur FoVM


Message History

The centaur hits you with a +0 broad axe!
The centaur closely misses you.
Casting: Scorch (safe; 6% risk of failure)
Confirm with . or Enter, or press ? or * to list all spells.
Flames lash the centaur.
The centaur is burned terribly!
The centaur is severely wounded.
The hound bites you. The centaur closely misses you.
The centaur kicks you but does no damage.
The hound barely misses you. The centaur misses you. The centaur kicks you.
Casting: Scorch (safe; 6% risk of failure)
Confirm with . or Enter, or press ? or * to list all spells.
You don't have enough magic to cast this spell.
Unknown command.
You closely miss the centaur.
The centaur is severely wounded.
The centaur is no longer more vulnerable to fire.
The hound barely misses you.
The centaur hits you with a +0 broad axe.
* * * LOW HITPOINT WARNING * * *
The centaur closely misses you.
Okay, then.
You aren't carrying any items that you can evoke.
It was a potion of degeneration.
There was something very wrong with that liquid.
You feel weakened.
You feel dopey.
You feel clumsy. The hound closely misses you.
The centaur hits you with a +0 broad axe.
* * * LOW HITPOINT WARNING * * *
The centaur kicks you but does no damage.
The hound barely misses you.
The centaur hits you with a +0 broad axe.
* * * LOW HITPOINT WARNING * * *
The centaur kicks you.
* * * LOW HITPOINT WARNING * * *
It was a potion of attraction.
You feel attractive to monsters.
The hound is no longer more vulnerable to fire.
The hound barely misses you.
The centaur hits you with a +0 broad axe!
You die...

#.. ## ...+ ##c. #...
#...# #..#
#....###...#
#..........# #.....#
#####c....#
#...@h†...#
#.........#
+.........#
##.........####+###
........####.......
.........# #.......
..........# #.......
..........####.......
####+###.......#


You could see a centaur and a hound.

Vanquished Creatures
  Grinder (D:4)
  A black bear (D:4)
  An ogre (D:4)
  A bullfrog (D:4)
  3 hounds
  An orc priest (D:4)
  A bullfrog skeleton (D:5)
  An orc wizard (D:3)
  Robin (D:3)
  12 adders
  A howler monkey skeleton (D:5)
  6 river rats
  2 ufetubi (D:4)
  2 adder skeletons
  10 worms
  A dart slug (D:3)
  7 orcs
  7 endoplasms
  2 giant cockroaches (D:1)
  14 goblins
  10 hobgoblins
  4 jackals (D:4)
  4 quokkas
  6 ball pythons
  8 bats
  3 frilled lizards
  13 kobolds
  8 rats
131 creatures vanquished.

Vanquished Creatures (others)
  An orc (D:4)
  A fungus (D:3)
  3 plants (D:3)
5 creatures vanquished.

Grand Total: 136 creatures vanquished

Notes
Turn   | Place    | Note
-------+----------+-------------------------------------------
     0 | D:1      | BlackKnightOfGwyn the Human Cinder Acolyte began the quest
                  | for the Orb.
     0 | D:1      | Reached XP level 1. HP: 18/18 MP: 2/2
   326 | D:1      | Reached XP level 2. HP: 20/24 MP: 3/3
   755 | D:1      | Found a faded altar of an unknown god.
   828 | D:1      | Reached skill level 4 in Polearms
   828 | D:1      | Reached XP level 3. HP: 24/29 MP: 4/4
   921 | D:1      | Learned a level 2 spell: Scorch
  1773 | D:2      | Identified the amulet of Surprise {Faith +Inv}
  1822 | D:2      | Reached XP level 4. HP: 33/35 MP: 0/5
  2422 | D:3      | Reached skill level 5 in Polearms
  2640 | D:3      | Reached XP level 5. HP: 41/41 MP: 1/6
  2834 | D:3      | Found a runed translucent gate.
  2834 | D:3      | Found a runed translucent gate.
  2834 | D:3      | Found a runed translucent gate.
  3049 | D:3      | Noticed Robin
  3375 | D:3      | Killed Robin
  3687 | D:3      | Noticed a kobold brigand
  3687 | D:3      | Noticed NigelTetley's ghost (amateur FoFi)
  3837 | D:4      | Noticed an ogre
  3843 | D:4      | Killed an ogre
  3844 | D:4      | Reached skill level 6 in Polearms
  3844 | D:4      | Reached XP level 6. HP: 47/47 MP: 0/7
  4029 | D:4      | Reached skill level 7 in Polearms
  4236 | D:4      | Found a glowing drain.
  4245 | D:4      | Reached XP level 7. HP: 26/52 MP: 2/8
  4256 | Sewer    | Entered a sewer
  4988 | D:4      | Noticed Grinder
  4998 | D:4      | Killed Grinder
  5244 | D:4      | Reached skill level 8 in Polearms
  5323 | D:4      | Noticed rigao's ghost (amateur FoVM)
  5359 | D:4      | Found a runed translucent door.
  5447 | D:4      | Found a staircase to the Ecumenical Temple.
  5537 | D:3      | Reached XP level 8. HP: 25/58 MP: 1/9
  5804 | D:4      | Found an iron altar of Okawaru.
  6255 | D:5      | Entered Level 5 of the Dungeon
  6309 | D:5      | Reached skill level 5 in Fire Magic
  6353 | D:5      | Slain by a centaur

Illustrated notes

Levels and vault maps discovered:
D:1:      minmay_arrival_four_loops, layout_basic,
          hellmonk_ecumenical_altar_inner_sanctum
D:2:      layout_loops_ring
D:3:      layout_loops_cross, gammafunk_ghost_nasty_kobolds, uniq_robin
D:4:      layout_basic, okawaru_ov_weapons_minmay, minmay_temple_entry_trees,
          hellmonk_ghost_happy_afterlife, lightli_sewer_entry_pipes,
          lemuel_old_faithful, uniq_grinder
D:5:      layout_gridville, old_standard_altar, chequers_ossuary_entry_cave,
          minmay_ruined_shrine

Skill      XL: |  1  2  3  4  5  6  7  8 |
---------------+-------------------------+-----
Polearms       | 4 5 6 7 8 |  8.6
Fire Magic     | 4 5 |  5.1
Fighting       | |  3.0
Spellcasting   | |  1.0

Action                   |  1- 3 |  4- 6 |  7- 9 || total
-------------------------+-------+-------+-------++-------
Melee: Spear             |   103 |   122 |   105 ||   330
       Trident           |       |       |    24 ||    24
Throw: Throwing net      |       |     2 |       ||     2
 Cast: Scorch            |     9 |    40 |    38 ||    87
Evoke: Wand              |       |     3 |     6 ||     9
  Use: Scroll            |     1 |     4 |     2 ||     7
       Potion            |       |       |     2 ||     2
 Stab: Sleeping          |       |     2 |       ||     2
Armor: Robe              |    17 |     9 |    18 ||    44
       Leather armour    |       |       |    14 ||    14
       Skin              |       |       |     1 ||     1
Dodge: Dodged            |    44 |    73 |    82 ||   199

Table legend: (Time is in decaauts)
 A = Elapsed time spent in this place.
 B = Non-inter-level travel time spent in this place.
 C = Inter-level travel time spent in this place.
 D = Time resting spent in this place.
 E = Time spent auto-exploring this place.
 F = Levels seen in this place.
 G = Mean time per level.
                   A        B        C        D        E       F      G
               +--------+--------+--------+--------+--------+-----+--------+
         Total |   6388 |   6196 |    192 |   1261 |   3877 |   6 | 1064.7 |
       Dungeon |   5689 |   5497 |    192 |   1046 |   3518 |   5 | 1137.8 |
         Sewer |    699 |    699 |      0 |    215 |    358 |   1 |  699.0 |
               +--------+--------+--------+--------+--------+-----+--------+

Top non-repeatable levels by time:
     D:4: 1483 daAuts
     D:3: 1482 daAuts
     D:2: 1329 daAuts
     D:1: 1299 daAuts
   Sewer: 699 daAuts
     D:5: 94 daAuts
